 Dungeon Crawl Stone Soup version 0.26-a0-259-g1effd001a9 (webtiles) character file.

Game seed: 17380243565052857463

855 drasked the Thaumaturge (level 7, -4/36 HPs)
             Began as a Deep Elf Ice Elementalist on July 14, 2020.
             Slain by a phantom (8 damage)
             ... on level 5 of the Dungeon.
             The game lasted 00:10:11 (5148 turns).

drasked the Thaumaturge (Deep Elf Ice Elementalist) Turns: 5148, Time: 00:10:11

Health: -4/36      AC:  3    Str:  5    XL:     7   Next: 70%
Magic:  18/21      EV: 13    Int: 22    God:
Gold:   14         SH:  5    Dex: 21    Spells: 22/23 levels left

rFire    . . .     SeeInvis .   y - +2 scimitar (holy)
rCold    . . .     Faith    .   (no shield)
rNeg     . . .     Spirit   .   l - +0 robe (curse)
rPois    .         Reflect  +   (no helmet)
rElec    .         Harm     .   (no cloak)
rCorr    .                      v - +0 pair of gloves
MR       .....                  (no boots)
Stlth    ++........             a - amulet of reflection
HPRegen  0.12/turn              r - +6 ring of dexterity
MPRegen  0.17/turn              (no ring)

@: no status effects
A: no striking features
a: no special abilities


You were on level 5 of the Dungeon.
You were not hungry.

You visited 1 branch of the dungeon, and saw 5 of its levels.

You collected 150 gold pieces.
You spent 136 gold pieces at shops.

Inventory:

Hand Weapons
 y - a +2 scimitar of holy wrath (weapon)
   (You found it on level 4 of the Dungeon)
Missiles
 o - 20 poisoned darts (quivered)
Armour
 l - a cursed +0 robe (worn)
   (You found it on level 1 of the Dungeon)
 v - a +0 pair of gloves (worn)
   (You found it on level 4 of the Dungeon)
Jewellery
 a - an amulet of reflection (around neck)
   (You found it on level 1 of the Dungeon)
 r - a +6 ring of dexterity (left hand)
   (You found it on level 3 of the Dungeon)
Wands
 s - a wand of enslavement (14)
   (You found it on level 4 of the Dungeon)
Scrolls
 b - 4 scrolls of remove curse {unknown}
 c - 7 scrolls of teleportation
 g - 2 scrolls of blinking {unknown}
 k - 3 scrolls of identify
 m - 3 scrolls of fear {unknown}
 q - 2 scrolls of immolation {unknown}
 t - 4 scrolls of amnesia {unknown}
 u - a scroll of enchant armour {unknown}
 x - a scroll of magic mapping {!r!r}
Potions
 d - 3 potions of heal wounds {unknown}
 h - 3 potions of haste
 i - 2 potions of curing {unknown}
 j - 2 potions of magic
 n - a potion of flight {unknown}
 p - a potion of cancellation {unknown}
 w - 2 potions of stabbing
Comestibles
 e - 24 rations


   Skills:
 - Level 2.4 Dodging
 - Level 2.4 Stealth
 + Level 8.6 Spellcasting
 + Level 8.1 Ice Magic


You had 22 spell levels left.
You knew the following spells:

 Your Spells              Type           Power        Failure   Level
a - Freeze                Ice            ####         1%          1

Your spell library contained the following spells:

 Spells                   Type           Power        Failure   Level
 Frozen Ramparts          Ice            #####.       1%          3
 Ozocubu's Armour         Chrm/Ice       ####....     4%          3
 Hailstorm                Conj/Ice       ####....     13%         4
 Summon Ice Beast         Ice/Summ       ####....     13%         4


Dungeon Overview and Level Annotations

Branches:
Dungeon (5/15)
 Temple: D:4-7

Altars:
Ashenzari
Cheibriados
Dithmenos
Nemelex Xobeh
Okawaru
Qazlal
Sif Muna
Uskayaw
Xom
The Shining One

Shops:
D:4 ?

Annotations:
D:2 Natasha


Message History

You freeze the scorpion. The scorpion barely misses you.
Aim: a scorpion (moderately wounded)
You freeze the scorpion! The scorpion stings you.
You are poisoned.
The scorpion poisons you!
Aim: a scorpion (almost dead)
You freeze the scorpion!
You kill the scorpion!
Your Ice Magic skill increases to level 8!
You feel sick.
You start resting.
You feel sick. x14
You are no longer poisoned.
You start resting.
You start resting.
Items here: ÷÷÷÷ a bat skeleton x3; an adder skeleton You are caught in the web!
A bat comes into view.
There is a web here.
You disentangle yourself.
You see here a mace.
Aim: a bat (asleep)
You freeze the bat!
You kill the bat!
You start resting.
Items here: )))) a morningstar; a long sword; a short sword; an executioner's axe An adder comes into view.
You see here a mace.
An adder is nearby!
What are your orders? t - Shout!
Orders for allies: a - Attack new target. r - Retreat! s - Stop attacking. g - Guard the area. f - Follow me.
Anything else - Cancel.
You shout for attention!
The adder hisses angrily.
The adder evades a web.
The adder barely misses you.
Aim: an adder You freeze the adder!
The adder bites you but does no damage.
Aim: an adder (almost dead)
You freeze the adder.
You kill the adder!
You start resting.
You see here a mace.
You are caught in the web!
There is a web here.
You disentangle yourself.
Items here: ÷÷÷÷ a bat skeleton x3; an adder skeleton You are caught in the web!
There is a web here.
You struggle to detach yourself from the web.
You struggle to detach yourself from the web.
You disentangle yourself.
You are caught in the web!
There is a web here.
You disentangle yourself.
A phantom comes into view.
A phantom is nearby!
A phantom is nearby!
A phantom is nearby!
The phantom hits you.
The phantom blinks!
You can't see any susceptible monsters within range! (Use Z to cast anyway.)
The phantom blinks!
Aim: a phantom The phantom resists.
You freeze the phantom. The phantom hits you!
The phantom blinks!
Aim: a phantom (lightly damaged)
The phantom completely resists.
You freeze the phantom but do no damage.
You block the phantom's attack.
Aim: a phantom (lightly damaged)
The phantom completely resists.
You freeze the phantom but do no damage.
The phantom hits you.
The phantom blinks!
Aim: a phantom The phantom completely resists.
You freeze the phantom but do no damage.
The phantom hits you.
* * * LOW HITPOINT WARNING * * *
Aim: a phantom The phantom resists.
You freeze the phantom. The phantom barely misses you.
Aim: a phantom (lightly damaged)
The phantom completely resists.
You freeze the phantom but do no damage.
The phantom hits you.
* * * LOW HITPOINT WARNING * * *
The phantom blinks!
Okay, then.
You are too injured to fight recklessly!
You are too injured to fight recklessly!
You miss the phantom. The phantom misses you.
You barely miss the phantom. You block the phantom's attack.
The phantom hits you.
* * * LOW HITPOINT WARNING * * *
You slash the phantom!
The phantom convulses!
The phantom hits you!
* * * LOW HITPOINT WARNING * * *
You hit the phantom.
The phantom convulses.
The phantom hits you!
You die...

..####...##..# ### #
.## #.......# .#
###.......###
.###...........##
..>..###........#
...### ####.#...# .###
####.##...####+### .#
##..^.##........... ##
##^.####....@......# #
##.####.....#W.....##
####÷÷####....###.....#
..^..P..###...# #......
PPP^P.#^.####.# ....$.
...P#####...#. #....#
.^.^^.))#.### ....#
..#)#.#^#^.# ...(#
.P#..)#.##.#


You could see a phantom.

Levels and vault maps discovered:
D:1:      shiori_shiawase, layout_basic
D:2:      layout_basic, tso_altar, first_ration, nrook_campfire, uniq_natasha
D:3:      layout_loops_ring, eat_drink_and_be_merry_uskayaw,
          doesnt_xom_only_xom, chequers_temple_overflow_minitemple
D:4:      layout_loops_ring, kennysheep_mini, serial_shops, shop,
          kennysheep_generic_room_11
D:5:      old_forge, layout_layer_cave, kennysheep_generic_room_9

Notes
Turn   | Place    | Note
-------+----------+-------------------------------------------
     0 | D:1      | drasked the Deep Elf Ice Elementalist began the quest for
                  | the Orb.
     0 | D:1      | Reached XP level 1. HP: 10/10 MP: 6/6
    40 | D:1      | Identified a +0 club
    77 | D:1      | Identified a +0 club
   157 | D:1      | Reached XP level 2. HP: 15/15 MP: 5/8
   295 | D:1      | Identified a +0 club
   721 | D:1      | Identified a cursed +0 robe (You found it on level 1 of the
                  | Dungeon)
   882 | D:1      | Reached skill level 4 in Spellcasting
  1032 | D:2      | Reached skill level 5 in Ice Magic
  1032 | D:2      | Reached XP level 3. HP: 19/19 MP: 7/10
  1269 | D:2      | Identified a +0 dagger
  1484 | D:2      | Identified a +0 club
  1491 | D:2      | Reached XP level 4. HP: 19/24 MP: 4/12
  1614 | D:2      | Reached skill level 5 in Spellcasting
  1668 | D:2      | Noticed Natasha
  1668 | D:2      | Identified a +0 dagger
  1668 | D:2      | Identified a cursed -1 hunting sling
  1673 | D:2      | Killed Natasha
  1677 | D:2      | Reached XP level 5. HP: 17/28 MP: 6/14
  2092 | D:2      | Found a glowing golden altar of the Shining One.
  2149 | D:2      | Noticed Natasha
  2184 | D:2      | Reached skill level 6 in Ice Magic
  2187 | D:2      | Identified a +0 dagger
  2257 | D:3      | Identified an uncursed amulet of reflection (You found it
                  | on level 1 of the Dungeon)
  2257 | D:3      | Identified a ring of dexterity (You found it on level 3 of
                  | the Dungeon)
  2403 | D:3      | Identified a +0 club
  2516 | D:3      | Identified a +0 dagger
  2516 | D:3      | Identified a +0 robe
  2518 | D:3      | Found a hide-covered altar of Uskayaw.
  2518 | D:3      | Identified a +0 flail
  2518 | D:3      | Identified a +0 short sword
  2518 | D:3      | Identified a +0 leather armour
  2518 | D:3      | Identified a +0 whip
  2540 | D:3      | Reached skill level 6 in Spellcasting
  2550 | D:3      | Reached XP level 6. HP: 9/32 MP: 5/17
  2854 | D:3      | Identified a +2 vampiric dagger
  2854 | D:3      | Identified a +0 robe
  2855 | D:3      | Identified a +0 club
  2861 | D:3      | Identified a +0 hand axe
  2865 | D:3      | Identified a +0 flail
  3012 | D:3      | Identified a +0 flail
  3012 | D:3      | Identified a +0 scale mail
  3012 | D:3      | Identified a +0 hand axe
  3013 | D:3      | Identified a +0 club
  3013 | D:3      | Identified a +0 dagger
  3097 | D:3      | Identified a +0 club
  3180 | D:3      | Found an ornate altar of the Wu Jian Council.
  3182 | D:3      | Found an iron altar of Okawaru.
  3182 | D:3      | Found a snail-covered altar of Cheibriados.
  3185 | D:3      | Found a shattered altar of Ashenzari.
  3185 | D:3      | Found a shimmering blue altar of Sif Muna.
  3185 | D:3      | Found a shimmering altar of Xom.
  3282 | D:3      | Found a sparkling altar of Nemelex Xobeh.
  3282 | D:3      | Found a faded altar of an unknown god.
  3290 | D:3      | Found a stormy altar of Qazlal.
  3292 | D:3      | Found a shadowy altar of Dithmenos.
  3294 | D:3      | Found a faded altar of an unknown god.
  3361 | D:4      | Reached skill level 7 in Spellcasting
  3522 | D:4      | Identified a +0 club
  3701 | D:4      | Reached skill level 7 in Ice Magic
  3889 | D:4      | Found Kankaz's Magic Scroll Boutique.
  3897 | D:4      | Bought a scroll of teleportation for 39 gold pieces
  3897 | D:4      | Bought a scroll of identify for 26 gold pieces
  3897 | D:4      | Bought a scroll of magic mapping for 45 gold pieces
  3897 | D:4      | Bought a scroll of random uselessness for 13 gold pieces
  3897 | D:4      | Bought a scroll of noise for 13 gold pieces
  3902 | D:4      | Identified a +0 pair of gloves (You found it on level 4 of
                  | the Dungeon)
  3905 | D:4      | Identified 2 potions of magic
  3906 | D:4      | Identified 2 potions of stabbing
  3935 | D:4      | Found a shattered altar of Ashenzari.
  4349 | D:4      | Identified a +2 scimitar of holy wrath (You found it on
                  | level 4 of the Dungeon)
  4362 | D:5      | Entered Level 5 of the Dungeon
  4479 | D:5      | Identified a +0 giant spiked club
  4488 | D:5      | Reached XP level 7. HP: 36/36 MP: 15/20
  4719 | D:5      | Reached skill level 8 in Spellcasting
  4821 | D:5      | Reached skill level 8 in Ice Magic
  5147 | D:5      | HP: 4/36 [phantom (8)]
  5148 | D:5      | Slain by a phantom

Table legend:
 A = Turns spent in this place as a percentage of turns spent in the entire game.
 B = Non-inter-level travel turns spent in this place as a percentage of non-inter-level travel turns spent in the entire game.
 C = Inter-level travel turns spent in this place as a percentage of turns spent in this place.
 D = Turns resting spent in this place as a percentage of non-inter-level travel turns spent in this place.
 E = Turns spent auto-exploring this place as a percentage of non-inter-level travel turns spent in this place.
 F = Non-inter-level travel turns spent in this place divided by the number of levels of this place that you've seen.
                   A       B       C       D       E      F
               +-------+-------+-------+-------+-------+----------------------
         Total | 100.0 | 100.0 |   3.6 |  40.6 |  42.7 | 992.2
       Dungeon | 100.0 | 100.0 |   3.6 |  40.6 |  42.7 | 992.2
               +-------+-------+-------+-------+-------+----------------------

Table legend:
 A = Kills in this place as a percentage of kills in entire the game.
 B = Kills by you in this place as a percentage of kills by you in the entire game.
 C = Kills by friends in this place as a percentage of kills by friends in the entire game.
 D = Other kills in this place as a percentage of other kills in the entire game.
 E = Experience gained in this place as a percentage of experience gained in the entire game.
 F = Experience gained in this place divided by the number of levels of this place that you have seen.
                   A       B       C       D       E      F
               +-------+-------+-------+-------+-------+----------------------
         Total | 100.0 | 100.0 |   N/A |   N/A | 100.0 | 244.4
       Dungeon | 100.0 | 100.0 |   N/A |   N/A | 100.0 | 244.4
               +-------+-------+-------+-------+-------+----------------------

Skill      XL: |  1  2  3  4  5  6  7 |
---------------+----------------------+-----
Spellcasting   | 4 5 6 7 8 |  8.6
Ice Magic      | 5 6 7 8 |  8.1
Dodging        | |  2.4
Stealth        | |  2.4

Action                   |  1- 3 |  4- 6 |  7- 9 || total
-------------------------+-------+-------+-------++-------
Melee: Club              |     2 |     6 |       ||     8
       Scimitar          |       |     1 |     4 ||     5
Throw: Stone             |    16 |       |       ||    16
       Dart              |       |     9 |     9 ||    18
 Cast: Freeze            |    41 |   119 |    59 ||   219
  Use: Scroll            |       |     2 |       ||     2
  Eat: Ration            |     1 |     2 |     1 ||     4
Armor: Robe              |     3 |     8 |     8 ||    19
Dodge: Dodged            |    17 |    51 |    26 ||    94
Block: Other             |       |    14 |    20 ||    34
       Reflection        |       |     1 |       ||     1
       Rpst.: Scimitar   |       |     1 |     6 ||     7

Vanquished Creatures
  An ogre (D:5)
  4 scorpions (D:5)
  2 howler monkeys
  An orc priest (D:3)
  2 orc wizards (D:3)
  2 worker ants
  Natasha (D:2)
  An iguana (D:4)
  A worker ant zombie (D:5)
  20 adders
  2 oozes
  An adder skeleton (D:4)
  3 worms
  6 dart slugs
  4 leopard geckos
  11 orcs
  17 bats
  2 giant cockroaches
  3 goblins
  5 hobgoblins
  A quokka (D:2)
  2 ball pythons
  2 frilled lizards
  4 kobolds
  5 rats
103 creatures vanquished.

Vanquished Creatures (others)
  A fungus (D:5)
1 creature vanquished.

Grand Total: 104 creatures vanquished
